 Dungeon Crawl Stone Soup version 0.29-a0-613-gf2c431b9b9 (webtiles) character file.

Game seed: 15455213409236451188

8 Vylera the Caller (level 2, -1/18 HPs)
             Began as an Octopode Wanderer on June 16, 2022.
             Slain by a jackal (2 damage)
             ... on level 1 of the Dungeon.
             The game lasted 00:00:47 (193 turns).

Vylera the Caller (Octopode Wanderer)                Turns: 193, Time: 00:00:48

Health: -1/18      AC:  1    Str:  8    XL:     2   Next: 8%
Magic:  3/3        EV: 12    Int: 14    God:
Gold:   0          SH:  0    Dex: 14    Spells: 2/3 levels left

rFire   . . .      SeeInvis .   a - +2 dagger
rCold   . . .      Faith    .   (no shield)
rNeg    . . .      Spirit   .   c - +0 hat
rPois   .          Reflect  .   (no amulet)
rElec   .          Harm     .   (no ring)
rCorr   .          Rampage  .   (no ring)
Will    .....                   (no ring)
Stlth   +++.......              (no ring)
HPRegen 0.06/turn               (no ring)
MPRegen 0.08/turn               (no ring)
                                (no ring)
                                (no ring)

@: no status effects
A: almost no armour, amphibious, 8 rings, camouflage 1, gelatinous body 1,
(nimble swimmer 1), tentacles
a: no special abilities


You were on level 1 of the Dungeon.
You visited 1 branch of the dungeon, and saw 1 of its levels.

Inventory:

Hand Weapons
 a - a +2 dagger (weapon)
Missiles
 b - 4 curare-tipped darts (quivered)
Armour
 c - a +0 hat (worn)
Scrolls
 d - a scroll of teleportation
 e - a scroll of fog {unknown}
 f - a scroll of identify {unknown}


   Skills:
 - Level 1.0 Fighting
 - Level 2.0 Throwing
 - Level 1.0 Dodging
 - Level 2.6 Stealth
 - Level 1.0 Spellcasting
 + Level 3.5 Summonings


You had 2 spell levels left.
You knew the following spells:

 Your Spells              Type           Power      Damage    Failure   Level
a - Summon Small Mammal   Summ           40%        N/A       6%          1

Your spell library contained the following spells:

 Spells                   Type           Power      Damage    Failure   Level
 Call Canine Familiar     Summ           10%        N/A       19%         3


Dungeon Overview and Level Annotations

Branches:
Dungeon (1/15)

Altars:


Innate Abilities, Weirdness & Mutations

You cannot wear most types of armour.
You are amphibious.
You can wear up to eight rings at the same time.
Your skin changes colour to match your surroundings (Stealth+).
Your rubbery body absorbs attacks. (AC +1, EV +1)
((You are camouflaged when in or above water. (Stealth+)))
You have tentacles for arms and can constrict up to eight enemies at once.


Message History

You hit the jackal.
You kill the jackal!
A jackal comes into view.
A giant cockroach comes into view.
The jackal completely misses you.
You have reached level 2!
You barely miss the jackal.
The jackal barks!
Your grab misses the jackal. The jackal misses you.
You closely miss the jackal. You grab the jackal. You squeeze the jackal.
You kill the jackal!
The jackal closely misses you. The goblin attacks as you move away!
The goblin hits you with a +0 club.
The jackal bites you but does no damage.
The jackal attacks as you move away! The jackal closely misses you.
The jackal attacks as you move away! The jackal misses you.
The jackal bites you. The jackal attacks as you move away!
The jackal bites you.
You barely miss the jackal. Your grab misses the jackal.
Your squeeze misses the jackal. The jackal barely misses you.
The goblin attacks as you move away! The goblin hits you with a +0 club.
* * * LOW HITPOINT WARNING * * *
The jackal attacks as you move away! The jackal closely misses you.
The jackal barely misses you.
An endoplasm comes into view.
Found 16 gold pieces.
The jackal bites you.
* * * LOW HITPOINT WARNING * * *
You closely miss the jackal.
The endoplasm quivers.
You grab the jackal. You constrict the jackal. The jackal closely misses you.
You barely miss the jackal. Your squeeze misses the jackal.
The jackal is moderately wounded.
You constrict the jackal, but do no damage.
The jackal bites you.
* * * LOW HITPOINT WARNING * * *
You hit the jackal.
The jackal is almost dead.
You constrict the jackal.
You kill the jackal!
The jackal bites you.
You die...

#. #.# #......# #.
#.######.#..#.##
#.####............h.#
..............B###†.#
##..##>#<#..##.# #..#
....###.##...h.# #..#
##.## #####.##.# #B.#
### ###>B###..####
##gh@J.....$
#.....###..###.
#..##.# #..# ... ...
# # #.#. .. . ##. .#
#.


You could see an endoplasm, a jackal, a giant cockroach and a goblin.

Vanquished Creatures
  2 ball pythons (D:1)
  2 endoplasms (D:1)
  3 jackals (D:1)
  A bat (D:1)
8 creatures vanquished.

Notes
Turn   | Place    | Note
-------+----------+-------------------------------------------
     0 | D:1      | Vylera the Octopode Wanderer began the quest for the Orb.
     0 | D:1      | Vylera set off with the following items: a +2 dagger, 4
                  | curare-tipped darts, a +0 hat, a scroll of teleportation;
                  | and the following spell memorised: Summon Small Mammal; and
                  | the following spells available to memorise: Call Canine
                  | Familiar.
     0 | D:1      | Reached XP level 1. HP: 13/13 MP: 2/2
   179 | D:1      | Reached XP level 2. HP: 12/18 MP: 3/3
   193 | D:1      | Slain by a jackal

Illustrated notes

Levels and vault maps discovered:
D:1:      onia_arrival_handbag, layout_loops_ring, serial_shops,
          nicolae_shop_stone

Action                   || total
-------------------------++-------
Melee: Dagger            ||    20
       Constrict         ||     4
       Tentacles         ||     3
 Stab: Sleeping          ||     1
Armor: Skin              ||     2
Dodge: Dodged            ||    19

Table legend: (Time is in decaauts)
 A = Elapsed time spent in this place.
 B = Non-inter-level travel time spent in this place.
 C = Inter-level travel time spent in this place.
 D = Time resting spent in this place.
 E = Time spent auto-exploring this place.
 F = Levels seen in this place.
 G = Mean time per level.
                   A        B        C        D        E       F      G
               +--------+--------+--------+--------+--------+-----+--------+
         Total |    193 |    193 |      0 |      0 |    147 |   1 |  193.0 |
       Dungeon |    193 |    193 |      0 |      0 |    147 |   1 |  193.0 |
               +--------+--------+--------+--------+--------+-----+--------+

Top non-repeatable levels by time:
     D:1: 193 daAuts
